 Dungeon Crawl Stone Soup version 0.25-a0-167-g836c352ace (webtiles) character file.

Game seed: 970543357837561557, levelgen mode: deterministic

1444 Leeroy the Carver (level 8, -2/57 HPs)
             Began as a Grey Draconian Conjurer on Nov 25, 2019.
             Slain by an orc wizard
             ... wielding a +0 dagger
              (3 damage)
             ... on level 7 of the Dungeon.
             The game lasted 00:08:26 (5446 turns).

Leeroy the Carver (Grey Draconian Conjurer)         Turns: 5446, Time: 00:08:28

Health: -2/57      AC: 12    Str: 12    XL:     8   Next: 46%
Magic:  11/11      EV: 12    Int: 17    God:
Gold:   417        SH:  0    Dex: 11    Spells: 1/11 levels left

rFire    . . .     SeeInvis .   l - +3 long sword
rCold    . . .     Gourm    .   (no shield)
rNeg     . . .     Faith    .   (armour unavailable)
rPois    .         Spirit   .   (helmet restricted)
rElec    .         Reflect  .   (no cloak)
rCorr    .         Harm     .   p - +0 pair of gloves (curse)
MR       .....                  (no boots)
Stlth    ++........             (no amulet)
HPRegen  0.19/turn              (no ring)
MPRegen  0.12/turn              (no ring)

@: slowed, very slow
A: walk through water, unfitting armour, unbreathing, cold-blooded, AC +11
a: no special abilities


You were on level 7 of the Dungeon.
You were not hungry.

You visited 1 branch of the dungeon, and saw 7 of its levels.
You also visited: Sewer.

You collected 417 gold pieces.

Inventory:

Hand Weapons
 f - a +2 scythe of venom
 i - a +0 dagger
 l - a +3 long sword (weapon)
 E - a +1 dagger of venom
Missiles
 h - 18 poisoned darts (quivered)
Armour
 p - a cursed +0 pair of gloves (worn)
 C - a +0 pair of gloves
Jewellery
 c - a +4 amulet of reflection {unknown}
 k - an uncursed ring of protection from fire {unknown}
 t - an uncursed ring of protection from magic {unknown}
Wands
 s - a wand of acid (14)
 D - a wand of polymorph (7)
Scrolls
 a - 2 scrolls of blinking {unknown}
 d - a scroll of remove curse {unknown}
 e - a scroll of amnesia {unknown}
 j - 10 scrolls of identify {unknown}
 o - a scroll of magic mapping {unknown}
 q - a scroll of immolation {unknown}
 r - 5 scrolls of teleportation {unknown}
 u - 3 scrolls of noise {unknown}
 w - a scroll of fog {unknown}
 y - a scroll of enchant weapon {unknown}
 A - 2 scrolls of fear {unknown}
 B - a scroll of enchant armour {unknown}
Potions
 g - 2 potions of haste {unknown}
 m - 3 potions of brilliance {unknown}
 n - 6 potions of curing {unknown}
 v - 3 potions of degeneration {unknown}
 x - 2 potions of flight {unknown}
 z - 2 potions of heal wounds {unknown}
Comestibles
 b - 9 rations
 F - 4 chunks of flesh


   Skills:
 + Level 10.1 Long Blades
 - Level 1.7 Dodging
 - Level 2.8 Stealth
 - Level 2.0 Spellcasting
 - Level 4.0 Conjurations


You had one spell level left.
You knew the following spells:

 Your Spells              Type           Power        Failure   Level  Hunger
a - Magic Dart            Conj           ###.         3%          1    #......
b - Searing Ray           Conj           ###...       5%          2    ###....
c - Iskenderun's Mystic   Conj           ###.....     36%         4    #####..
d - Mephitic Cloud        Conj/Pois/Air  #.......     34%         3    ###....

Your spell library contained the following spells:

 Spells                   Type           Power        Failure   Level  Hunger
 Sting                    Conj/Pois      #...         9%          1    #......
 Dazzling Spray           Conj/Hex       #.....       26%         3    ###....
 Poisonous Vapours        Pois/Air       #.....       28%         2    ###....
 Force Lance              Conj/Tloc      #.......     63%         4    #####..
 Fulminant Prism          Conj/Hex       #.........   63%         4    #####..
 Olgreb's Toxic Radiance  Pois           #.......     88%         4    #####..
 Venom Bolt               Conj/Pois      #.........   93%         5    ######.


Dungeon Overview and Level Annotations

Branches:
Dungeon (7/15)              Sewer (visited)
 Temple: D:4-7

Altars:
Ashenzari
Dithmenos
Fedhas
Yredelemnul


Innate Abilities, Weirdness & Mutations

You can walk through water.
Your dull iron-grey scales are very hard. (AC +11)
You cannot fit into any form of body armour.
You can survive without breathing.
You are cold-blooded and may be slowed by cold attacks.


Message History

The orc wizard seems to speed up.
The orc wizard barely misses you.
You riposte.
You closely miss the orc wizard.
The orc wizard is heavily wounded.
There is a stone staircase leading up, spattered with blood here.
Unknown command.
The orc wizard points at you and mumbles some strange words.
You feel yourself slow down.
The orc wizard hits you with a +0 dagger.
* * * LOW HITPOINT WARNING * * *
You see here an orc corpse.
You can't go up here!
Unknown command.
You hit the orc wizard.
The orc wizard is severely wounded.
The orc priest mumbles some strange prayers to Beogh against you.
Beogh smites you!
* * * LOW HITPOINT WARNING * * *
The orc wizard hits you but does no damage.
The orc wizard hits you with a +0 dagger.
You die...

.........##..
............
#...........
####..........#
...............
#...........>.
.##...........#
#o.o...@.o...#
...o..oo.....#
.......o).####
........†.#
....(........
...............
.###...........
............
...#.........


You could see an orc priest, 4 orc wizards and 2 orcs.

Vanquished Creatures
  Sigmund (D:2)
  2 ice beasts
  2 ogres (D:6)
  A phantom (D:4)
  A sky beast (D:5)
  A big kobold (Sewer)
  A howler monkey (D:5)
  3 crimson imps
  2 hounds
  An orc wizard (D:6)
  3 orc priests
  3 worker ants
  A killer bee zombie (D:6)
  A hound skeleton (D:6)
  6 gnolls (D:6)
  4 adders
  2 river rats (Sewer)
  2 oozes
  3 worms
  5 dart slugs
  8 leopard geckos
  18 orcs
  10 giant cockroaches
  4 goblins
  7 hobgoblins
  2 jackals (Sewer)
  3 quokkas
  A ball python (D:2)
  8 bats
  3 frilled lizards
  9 kobolds
  5 rats
123 creatures vanquished.

Notes
Turn   | Place    | Note
-------+----------+-------------------------------------------
     0 | D:1      | Leeroy the Draconian Conjurer began the quest for the Orb.
     0 | D:1      | Reached XP level 1. HP: 14/14 MP: 3/3
   148 | D:1      | Reached XP level 2. HP: 12/20 MP: 5/5
   433 | D:1      | Reached skill level 1 in Long Blades
   597 | D:2      | Reached XP level 3. HP: 8/26 MP: 6/6
   893 | D:2      | Reached skill level 2 in Long Blades
   900 | D:2      | Learned a level 2 spell: Searing Ray
  1047 | D:2      | Noticed Sigmund
  1058 | D:2      | Killed Sigmund
  1058 | D:2      | Reached skill level 4 in Long Blades
  1058 | D:2      | Reached XP level 4. HP: 33/33 MP: 3/7
  1058 | D:2      | Reached XP level 5. HP: 38/38 MP: 3/8
  1063 | D:2      | Reached skill level 5 in Long Blades
  1760 | D:3      | Reached XP level 6. HP: 35/45 MP: 9/9
  2018 | D:3      | Found a glowing drain.
  2043 | Sewer    | Entered a sewer
  2065 | Sewer    | Learned a level 4 spell: Iskenderun's Mystic Blast
  2140 | Sewer    | Reached skill level 6 in Long Blades
  2187 | Sewer    | Found a white marble altar of Elyvilon.
  2844 | D:4      | Reached skill level 7 in Long Blades
  2844 | D:4      | Your scales start taking on a dull iron-grey colour.
  2844 | D:4      | Reached XP level 7. HP: 27/50 MP: 5/10
  2844 | D:4      | Gained mutation: You can survive without breathing. [Grey
                  | Draconian growth]
  2854 | D:5      | Entered Level 5 of the Dungeon
  3052 | D:5      | Found a shattered altar of Ashenzari.
  3187 | D:5      | Reached skill level 8 in Long Blades
  3494 | D:5      | Found a basalt altar of Yredelemnul.
  3929 | D:6      | Found a shadowy altar of Dithmenos.
  4193 | D:6      | Reached XP level 8. HP: 47/57 MP: 11/11
  4205 | D:6      | Reached skill level 9 in Long Blades
  4264 | D:6      | Found a blossoming altar of Fedhas.
  4383 | D:6      | Learned a level 3 spell: Mephitic Cloud
  5255 | D:6      | Reached skill level 10 in Long Blades
  5446 | D:7      | HP: 1/57 [orc priest/divine providence (12)]
  5446 | D:7      | Slain by an orc wizard

Levels and vault maps discovered:
D:1:      dpeg_arrival_simpleton_c, layout_rooms,
          corexii_item_surrounded_by_moat, kennysheep_small_spiral
D:2:      layout_basic, uniq_sigmund
D:3:      layout_basic, gup_sewer_entry_pipe
D:4:      minmay_octagon_keep, layout_basic, dancing_weapons_uskayaw,
          minmay_temple_entry_grid, first_ration, serial_bayou_lagoon_a,
          yredelemnul_altar_generic
D:5:      layout_loops_cross, kennysheep_mini_moat, lemuel_round_altar
D:6:      layout_basic, grunt_dithmenos_smoke, nicolae_overflow_hidden_temple
D:7:      layout_cave_pools, lemuel_round_altar, lemuel_doored_altar

Skill      XL: |  1  2  3  4  5  6  7  8 |
---------------+-------------------------+-----
Stealth        | 2 |  2.8
Long Blades    | 1 4 5 7 8 10 | 10.1
Dodging        | |  1.7
Spellcasting   | |  2.0
Conjurations   | |  4.0

Action                   |  1- 3 |  4- 6 |  7- 9 || total
-------------------------+-------+-------+-------++-------
Melee: Unarmed           |    41 |       |       ||    41
       Tailslap          |     9 |    10 |    23 ||    42
       Long sword        |    44 |   137 |   192 ||   373
       Dagger            |    13 |       |       ||    13
 Cast: Searing Ray       |     1 |     7 |       ||     8
       Magic Dart        |       |     1 |       ||     1
  Use: Potion            |     2 |       |       ||     2
 Stab: Sleeping          |     1 |     8 |     2 ||    11
       Distracted        |       |       |     1 ||     1
  Eat: Chunk             |     1 |     6 |     9 ||    16
Armor: Skin              |    51 |    51 |   101 ||   203
Dodge: Dodged            |    91 |    84 |   121 ||   296
       Rpst.: Long sword |    11 |    30 |    40 ||    81

Table legend:
 A = Non-vault XP
 B = Vault XP
 C = Vault XP percentage of total XP
 D = Non-vault monster count
 E = Vault monster count
 F = Vault count percentage of total count
                 A         B        C        D         E       F
            +---------+---------+-------+---------+---------+-------
      Total |    1668 |     395 |  19.1 |     103 |      20 |  16.3
            +---------+---------+-------+---------+---------+-------
        D:1 |      31 |       0 |   0.0 |      13 |       0 |   0.0
        D:2 |      67 |     242 |  78.3 |      22 |       1 |   4.3
        D:3 |     122 |      17 |  12.2 |      22 |       7 |  24.1
        D:4 |     166 |       0 |   0.0 |       2 |       0 |   0.0
        D:5 |     415 |       0 |   0.0 |      13 |       0 |   0.0
        D:6 |     817 |       0 |   0.0 |      28 |       0 |   0.0
        D:7 |      50 |       0 |   0.0 |       3 |       0 |   0.0
      Sewer |       0 |     136 | 100.0 |       0 |      12 | 100.0
            +---------+---------+-------+---------+---------+-------
